 Dungeon Crawl Stone Soup version 0.22-a0-539-gfbd9004e3f (webtiles) character file.

194 JackS81 the Ruffian (level 5, -10/46 HPs)
             Began as a Ghoul Monk on June 24, 2018.
             Mangled by Prince Ribbit (17 damage)
             ... on level 6 of the Dungeon.
             The game lasted 00:06:12 (1451 turns).

JackS81 the Ruffian (Ghoul Monk)                    Turns: 1451, Time: 00:06:13

Health: -10/46     AC:  3    Str: 12 (15) XL:     5   Next: 73%
Magic:  4/4        EV: 19    Int:  2 (5)  God:
Gold:   62         SH:  0    Dex: 14 (17) Spells: 4/4 levels left

rFire    . . .     SeeInvis .     - Unarmed
rCold    + . .     Gourm    .   (no shield)
rNeg     + + +     Faith    .   a - +0 robe
rPois    ∞         Spirit   .   g - +1 hat
rElec    .         Reflect  .   (no cloak)
rCorr    .         Harm     .   (no gloves)
MR       .....                  (no boots)
Stlth    +++.......             (no amulet)
HPRegen  0.00/turn              (no ring)
MPRegen  0.09/turn              (no ring)

@: agile, flying (expiring), rotting
A: rotting body, claws 1, carnivore, cold resistance 1, negative energy
resistance 3, inhibited regeneration, torment resistance, unbreathing
a: no special abilities


You were on level 6 of the Dungeon.
You were not hungry.

You visited 1 branch of the dungeon, and saw 6 of its levels.

You collected 62 gold pieces.

Inventory:

Missiles
 f - 4 javelins (quivered)
Armour
 a - a +0 robe (worn)
 e - a cursed +0 ring mail
 g - a +1 hat (worn)
Scrolls
 c - 2 scrolls of teleportation
 i - a scroll of remove curse {unknown}
 j - a scroll of magic mapping
 k - a scroll of fear {unknown}
 o - a scroll of enchant armour {unknown}
 p - 3 scrolls of blinking {unknown}
Comestibles
 b - 7 rations


   Skills:
 + Level 3.7 Fighting
 * Level 3.8 Dodging
 - Level 2.1 Stealth
 * Level 5.7 Unarmed Combat


You had 4 spell levels left.
You didn't know any spells.
Your spell library contained the following spells:

 Spells                   Type           Power        Failure   Level  Hunger
 Apportation              Tloc           #.....       54%         1    ##.....
 Summon Small Mammal      Summ           #...         54%         1    ##.....
 Animate Skeleton         Necr           N/A          54%         1    ##.....
 Confusing Touch          Hex            #.....       54%         1    ##.....


Dungeon Overview and Level Annotations

Branches:
Dungeon (6/15)
 Temple: D:4-7

Altars:

Annotations:
D:5 Menkaure, Pikel
D:6 Prince Ribbit


Innate Abilities, Weirdness & Mutations

Your body is rotting away.
You thrive on raw meat.
You are immune to poison.
You have sharp fingernails.
You are carnivorous and can eat meat at any time.
Your flesh is cold resistant. (rC+)
You are immune to negative energy. (rN+++)
You do not regenerate when monsters are visible.
You are immune to unholy pain and torment.
You can survive without breathing.


Message History

Found a robe and a ration.
There is a stone staircase leading up here.
You eat one of the 8 rations.
That ration really hit the spot!
The leopard gecko bites you.
* * * LOW HITPOINT WARNING * * *
Prince Ribbit hops awkwardly around.
Prince Ribbit completely misses you. The leopard gecko misses you.
You are starting to lose your buoyancy.
The leopard gecko barely misses you.
You scratch Prince Ribbit but do no damage.
Prince Ribbit is heavily wounded.
Prince Ribbit blinks!
The leopard gecko hisses menacingly.
The leopard gecko bites you.
* * * LOW HITPOINT WARNING * * *
Prince Ribbit lets out a mournful croak.
You scratch Prince Ribbit.
Prince Ribbit is heavily wounded.
Prince Ribbit hits you!
You die...

#######
#..@§.#
#...Fl...[...
#.......###..
#......%#
#.........
#.#####.#.#
.. ...# ##.
....


You could see Prince Ribbit and a leopard gecko.

Vanquished Creatures
  A centaur (D:5)
  A crimson imp (D:2)
  Jessica (D:2)
  An adder (D:2)
  2 worms (D:2)
  A dart slug (D:1)
  2 giant cockroaches
  5 goblins
  5 hobgoblins
  3 jackals (D:1)
  A quokka (D:2)
  A ball python (D:1)
  5 bats
  2 frilled lizards
  2 kobolds (D:2)
  21 rats
54 creatures vanquished.

Notes
Turn   | Place    | Note
-------+----------+-------------------------------------------
     0 | D:1      | JackS81 the Ghoul Monk began the quest for the Orb.
     0 | D:1      | Reached XP level 1. HP: 19/19 MP: 0/0
   143 | D:1      | Reached XP level 2. HP: 25/26 MP: 1/1
   609 | D:2      | Noticed Jessica
   619 | D:2      | Killed Jessica
   619 | D:2      | Reached skill level 4 in Unarmed Combat
   619 | D:2      | Reached XP level 3. HP: 22/31 MP: 2/2
  1065 | D:2      | Reached XP level 4. HP: 38/38 MP: 3/3
  1226 | D:2      | Reached skill level 5 in Unarmed Combat
  1226 | D:2      | Reached XP level 5. HP: 38/45 MP: 4/4
  1388 | D:3      | You fall through a shaft!
  1393 | D:4      | You fall through a shaft!
  1393 | D:5      | Entered Level 5 of the Dungeon
  1393 | D:5      | Noticed a centaur
  1404 | D:5      | Killed a centaur
  1415 | D:5      | Noticed Prince Ribbit
  1440 | D:5      | Noticed a slave
  1441 | D:5      | Noticed a slave
  1441 | D:5      | Noticed a slave
  1441 | D:5      | Noticed Pikel
  1441 | D:5      | Noticed Menkaure
  1442 | D:5      | Noticed a slave
  1451 | D:6      | Mangled by Prince Ribbit

Vault maps used:
D:1:      evilmike_arrival_plus
D:2:      minmay_rat_hole, uniq_jessica
D:3:      overflow_temple_1_default, first_ration, minmay_crystal_room,
          kennysheep_decorative_pillar, elyvilon_altar_3
D:4:      serial_shops, kennysheep_little_box
D:5:      tso_altar, minmay_temple_entry_glass, uniq_prince_ribbit1,
          uniq_blork_the_orc, uniq_menkaure, uniq_pikel
D:6:      lemuel_slime, minmay_misc_feat_cross, kennysheep_small_square,
          uniq_sigmund, uniq_edmund, uniq_crazy_yiuf_cottage

Skill      XL: |  1  2  3  4 |
---------------+-------------+-----
Dodging        | 3 |  3.8
Unarmed Combat | 4 5 |  5.7
Fighting       | |  3.7
Stealth        | |  2.1

Action                   |  1- 3 |  4- 6 || total
-------------------------+-------+-------++-------
Melee: Unarmed           |    71 |    84 ||   155
       Punch             |     1 |       ||     1
  Use: Scroll            |     1 |     1 ||     2
       Potion            |       |     8 ||     8
 Stab: Sleeping          |     2 |     1 ||     3
  Eat: Chunk             |     8 |    11 ||    19
       Ration            |       |     1 ||     1
Armor: Robe              |    28 |    18 ||    46
Dodge: Dodged            |    70 |    57 ||   127

Table legend:
 A = Spawn XP
 B = Non-spawn XP
 C = Spawn XP percentage of total XP
 D = Spawn monster count
 E = Non-spawn monster count
 F = Spawn count percentage of total count
 G = Total turns spent on level
                    A         B        C        D         E        F      G
               +---------+---------+-------+---------+---------+-------+---------
         Total |       0 |     278 |   0.0 |       0 |      54 |   0.0 |  1451
               +---------+---------+-------+---------+---------+-------+---------
           D:1 |       0 |      27 |   0.0 |       0 |      16 |   0.0 |   591
           D:2 |       0 |     147 |   0.0 |       0 |      35 |   0.0 |   766
           D:3 |       0 |       4 |   0.0 |       0 |       2 |   0.0 |    31
           D:5 |       0 |     100 |   0.0 |       0 |       1 |   0.0 |    54
               +---------+---------+-------+---------+---------+-------+---------
